[Event "Saint Louis Norm Congress-GM 2022"]
[Site "Saint Louis"]
[Date "2022.05.22"]
[Round "6.3"]
[White "Brodsky, David"]
[Black "Schitco, Ivan"]
[Result "1/2-1/2"]
[ECO "C45"]
[WhiteElo "2484"]
[BlackElo "2484"]
[Annotator "TA"]
[PlyCount "98"]
[EventDate "2022.05.20"]
[EventType "tourn"]
[EventCountry "USA"]
[SourceTitle "playchess.com"]
[Source "ChessBase"]
[SourceQuality "1"]
[TimeControl "5400+30"]

1. e4 e5 2. Nf3 Nc6 3. d4 exd4 4. Nxd4 Nf6 5. Nxc6 bxc6 6. e5 Qe7 7. Qe2 Nd5 8. h4 f6 {[%emt 0:01:59] C45: Scotch Game.} 9. c4 Ba6 10. Rh3 (10. exf6 $11 {should be considered.} Nxf6 11. Nc3) 10... Nb6 {[%emt 0:00:07] Black is slightly better.} (10... O-O-O $5 ) 11. exf6 Qxe2+ 12. Bxe2 {[%emt 0:00:04] Threatens to win with Re3+.} Bxc4 13. Re3+ Kd8 14. fxg7 Bxg7 15. Nc3 {[%emt 0:00:03] [#]} a5 $146 ({Predecessor:} 15... Re8 16. Rxe8+ Kxe8 17. Bf4 Bxe2 18. Kxe2 d6 19. Kd3 Kd7 20. Re1 Rf8 21. g3 c5 {½-½ (55) Xu,Y (2516)-Xiu,D (2528) Liaocheng 2021}) 16. Re4 Bxe2 17. Rxe2 a4 18. a3 Nc4 19. Bg5+ Kc8 {[%emt 0:00:17][%cal Oc4b2] Black wants to play ...Nxb2!} 20. Re7 Rg8 21. O-O-O $36 {[%emt 0:01:58][%mdl 2048] White fights for an advantage.} d6 22. Kc2 h6 23. Bf4 (23. Bc1 $1 $11) 23... Bxc3 (23... Rb8 $17 24. Bc1 Bxc3 25. Kxc3 d5) 24. Kxc3 $11 Nb6 {[%emt 0:00:05] Strongly threatening ...Nd5+.} 25. Bxh6 {[%emt 0:05:45] Hoping for Rg7.} Rxg2 (25... Nd5+ $11 26. Rxd5 cxd5) 26. Re8+ $14 Kd7 27. Rxa8 {[%emt 0:00:15] White is more active.} Nxa8 {[%emt 0:00:02][%mdl 4096] Endgame KRB-KRN} 28. Rh1 $1 {[%emt 0:05:38] Against Rh2} Rxf2 29. Be3 (29. h5 $14) 29... Rf7 (29... Rf3 $5 30. Kd4 Nb6 $11) 30. h5 {[%emt 0:00:42][%mdl 1024] White has compensation.} Nb6 31. h6 Nd5+ 32. Kd2 ({Better is} 32. Kd4 $14 Rh7 33. Bd2) 32... Rh7 $11 {[%emt 0:01:47] The position is equal.} 33. Kd3 Nxe3 34. Kxe3 {[%emt 0:00:05] KR-KR} Ke6 35. Kd4 c5+ 36. Kc4 c6 37. b4 axb3 38. Kxb3 d5 39. Kc3 Kd6 40. a4 Kc7 41. a5 Kb7 {[%emt 0:02:00] [#] White must now prevent ...Ka6.} 42. Kb3 $1 Ka6 43. Ka4 Ka7 44. Rh2 Kb7 45. Rb2+ Kc7 46. Rh2 Kb7 47. Rb2+ Ka7 48. Rh2 Ka6 49. Rh1 Ka7 {[%emt 0:01:37] Weighted Error Value: White=0.10 (very precise) /Black=0.08 (flawless)} 1/2-1/2

[Event "Saint Louis Norm Congress-GM 2022"]
[Site "Saint Louis"]
[Date "2022.05.22"]
[Round "6.4"]
[White "Repka, Christopher"]
[Black "Kavutskiy, Konstantin"]
[Result "1-0"]
[ECO "E73"]
[WhiteElo "2524"]
[BlackElo "2407"]
[Annotator "TA"]
[PlyCount "87"]
[EventDate "2022.05.20"]
[EventType "tourn"]
[EventCountry "USA"]
[SourceTitle "playchess.com"]
[Source "ChessBase"]
[SourceQuality "1"]
[TimeControl "5400+30"]

1. d4 Nf6 2. c4 g6 3. Nc3 Bg7 4. e4 d6 5. Be2 O-O 6. h4 c5 {[%emt 0:02:28] The main line 6...c5 scores better than 6...h5.} 7. d5 b5 8. cxb5 {[%emt 0:00:06] E73: King's Indian: Averbakh Variation without 6...c5.} a6 9. a4 axb5 10. Bxb5 {[%emt 0:00:04] The position is equal.} Ba6 11. Bd2 Bxb5 12. axb5 Rxa1 13. Qxa1 Qb6 14. Nf3 Nbd7 15. O-O Rb8 16. Qa6 Ne8 17. Ra1 Kf8 {[%emt 0:06:31] [#]} 18. Ra5 $146 ({Predecessor:} 18. h5 Nc7 19. Qa4 Ra8 20. Qd1 Rxa1 21. Qxa1 Ne5 22. h6 Nxf3+ 23. gxf3 Bxc3 24. Bxc3 Qxb5 {1-0 (31) Vachier Lagrave,M (2751)-Svidler,P (2714) Saint Louis 2021}) 18... Qb7 (18... Nc7 $11 19. Qa7 (19. Qxb6 Nxb6 20. Ra7 Bxc3 $11) 19... Rb7 20. Qxb6 Nxb6) 19. Qc6 $14 Nb6 $1 {[%emt 0:06:31] [#]} 20. b3 ({White should try} 20. Bc1 $1 $16) 20... Nc7 (20... Bxc3 $11 21. Bxc3 f5) 21. Na4 Nc8 22. Qd7 {[%emt 0:01:37][%cal Oa5a6] Ra6! is the strong threat. White is much more active.} Nb6 {[%emt 0:04:04] [#]} 23. Qg4 (23. Nxb6 $1 $16 Qxb6 24. h5) 23... Qc8 24. Qf4 h6 {[%emt 0:05:48] White now steadily converts the win.} (24... Kg8 $1 $14) 25. Bc3 Nd7 26. h5 $1 {[%emt 0:01:58] Threatens to win with hxg6.} Kg8 27. hxg6 $40 {[%emt 0:00:54][%mdl 128] Black is in trouble.} fxg6 28. Qg4 Bxc3 $2 (28... Qe8 29. Ra7 (29. Bxg7 Kxg7 30. Nc3 Nf6 $16) 29... h5) 29. Nxc3 $18 {[%emt 0:00:03] White is clearly winning.} Kg7 30. Nh4 Ne5 31. Qxc8 Rxc8 32. b6 {[%emt 0:00:09] Hoping for Ra7.} Ne8 33. Ra7 Kf7 34. f4 Nd3 35. f5 Ne5 36. fxg6+ Nxg6 (36... Kf6 $142 37. Kf2 Rb8) 37. Nxg6 Kxg6 38. Rxe7 {[%emt 0:00:23][%mdl 4096] Endgame KRN-KRN} Rb8 39. b7 Kf6 40. Rh7 ({Less strong is} 40. Re6+ Kf7 41. e5 (41. Rxh6 Rxb7 42. Rh7+ Ng7 $16) 41... Rxb7 $18) 40... Ng7 {[%emt 0:00:40] Strongly threatening ...Kg6.} 41. Rxh6+ Ke5 42. Nb5 Kxe4 (42... Rxb7 $142 43. Nxd6 Rxb3) 43. Nxd6+ Kxd5 {[%emt 0:00:08] [#]} 44. Rh8 $3 {[%emt 0:00:03][%mdl 512] Weighted Error Value: White=0.30/Black=0.28 (precise)} 1-0

[Event "Saint Louis Norm Congress-GM 2022"]
[Site "Saint Louis"]
[Date "2022.05.22"]
[Round "6.5"]
[White "Park, Evan"]
[Black "Matviishen, Viktor"]
[Result "*"]
[ECO "C70"]
[WhiteElo "2431"]
[BlackElo "2517"]
[Annotator "TA"]
[PlyCount "40"]
[EventDate "2022.05.20"]
[EventType "tourn"]
[EventCountry "USA"]
[SourceTitle "playchess.com"]
[Source "ChessBase"]
[SourceQuality "1"]
[TimeControl "5400+30"]

1. e4 e5 2. Nf3 Nc6 3. Bb5 a6 4. Ba4 Bc5 5. O-O Nge7 6. Nxe5 {[%emt 0:00:50] C70: Ruy Lopez: 3...a6 4 Ba4, Norwegian and Delayed Schliemann.} Nxe5 7. d4 b5 {[%emt 0:00:15][%cal Oc5b6] [#] aiming for ...Bb6!} 8. Bb3 Bxd4 9. Qxd4 d6 10. Qd2 c5 {[%emt 0:02:20][%cal Bc7c5,Bc5c4][%mdl 32] Hoping for ...c4.} 11. f4 {[%emt 0:01:22] [#]} c4 $146 {[%emt 0:01:11] Threatens to win with ...Ng4.} ({Predecessor:} 11... N5c6 12. c3 c4 13. Bc2 d5 14. f5 f6 15. Qf2 Bb7 16. exd5 Qxd5 17. Rd1 Qf7 {1-0 (29) Sychev,K (2553)-Indjic,A (2604) Chess.com INT 2022}) 12. fxe5 Qb6+ 13. Qe3 Qxe3+ 14. Bxe3 dxe5 {[%emt 0:00:04] [#]} 15. Bxc4 $1 bxc4 16. Nc3 Bd7 17. Rad1 Bc6 18. Bc5 f6 {[%emt 0:05:29] The position is equal.} 19. b4 (19. Rd6 $5 Kf7 20. Rfd1 $11) 19... cxb3 $1 20. axb3 Rc8 {[%emt 0:02:24] Weighted Error Value: White=0.10 (very precise) /Black=0.06 (flawless)} *

[Event "Saint Louis Norm Congress-GM 2022"]
[Site "Saint Louis"]
[Date "2022.05.22"]
[Round "7.1"]
[White "Matviishen, Viktor"]
[Black "Stearman, Josiah"]
[Result "0-1"]
[ECO "D20"]
[WhiteElo "2517"]
[BlackElo "2375"]
[Annotator "TA"]
[PlyCount "72"]
[EventDate "2022.05.20"]
[EventType "tourn"]
[EventCountry "USA"]
[SourceTitle "playchess.com"]
[Source "ChessBase"]
[SourceQuality "1"]
[TimeControl "5400+30"]

1. d4 {[%emt 0:00:02] Fier,A} d5 2. c4 dxc4 3. e3 e5 4. Bxc4 exd4 5. exd4 Bd6 6. Nf3 Nf6 7. O-O O-O 8. Nc3 h6 9. Qc2 {[%emt 0:08:55] D20: Queen's Gambit Accepted: 3 e3 and 3 e4.} (9. Ne5 $5 ) 9... Nc6 10. h3 {[%emt 0:00:14] Against Bg4} Nb4 11. Qb1 {[%emt 0:00:06] The position is equal.} c6 {[%emt 0:00:39] [#]} 12. Bxh6 $1 gxh6 13. Qg6+ $1 Kh8 14. Qxh6+ Nh7 {[%emt 0:01:40] ...Qf6 is the strong threat.} 15. Ne4 {[%emt 0:00:09][%mdl 1024] Inhibits Qf6. Hoping for Nfg5. White has compensation.} Be7 {[%emt 0:00:16][%cal Bd6e7,Be7g5,Bg5f6,Bf6e5][%mdl 32] Prevents Nfg5.} 16. Ne5 $1 Nd5 {[%emt 0:12:57] [#]} ({Black should try} 16... Bf5 $14 17. Qf4 Bxe4 18. Qxe4 Nd5) 17. Ng3 $146 (17. f4 $1 $16 {[%cal Oe4g5] Black must now prevent Ng5!} Bf5 18. Ng3) ({Predecessor:} 17. f4 Bf5 18. Ng5 Kg8 19. g4 Qb6 20. gxf5 Qxd4+ 21. Rf2 Nxg5 22. fxg5 Bc5 23. f6 Qxf2+ 24. Kh1 Nxf6 25. gxf6 Qg3 26. Bd3 Rfd8 27. Qh7+ Kf8 28. Qxf7# {1-0 (28) Fier,A (2589)-Semcesen,D (2480) Koge 2014 EXT 2015 [Fier,A]}) 17... Bg5 $17 18. Qh5 {[%emt 0:00:01] [#]} Be6 19. Bxd5 (19. Bd3 $2 Ndf6 20. Qd1 Qxd4 $19) (19. Rad1 $17) 19... Qxd5 $19 (19... cxd5 20. f4 Bf6 21. f5 $15) 20. Rae1 Rg8 (20... Qxa2 21. f4 Rg8 22. fxg5 Rxg5 23. Qh4 $14) (20... Qxd4 $2 21. Nf3 Qg7 22. Nxg5 Qxg5 23. b3 $19) 21. Re4 Bf6 ({Not} 21... Qxa2 $2 22. h4 Be7 23. Nf5 $19) 22. Rfe1 Rg5 23. Qf3 Rag8 ({Stronger than} 23... Bxe5 24. dxe5 Rd8 25. Qa3) 24. Kh1 c5 ({Don't blunder} 24... Bxe5 $2 25. dxe5 Qxa2 26. Qc3 $19) 25. h4 {[%emt 0:01:39] [#]} R5g7 26. Nh5 Bxe5 27. Nxg7 (27. dxe5 {is tougher.} Rg4 28. Nf4 Qxa2 29. Nxe6 Qxe6 30. Rxg4 Rxg4 31. g3) 27... Bxg7 {[%emt 0:00:13] This bishop pair is nice. Black is clearly winning.} 28. dxc5 Nf6 29. Rf4 Qxf3 30. Rxf3 Ng4 31. Rd1 Bxb2 32. g3 Rc8 33. Rd2 {[%emt 0:00:50] [#]} Rxc5 $1 34. Rfd3 (34. Kg2 Bc1) 34... Bc1 35. Re2 Bd5+ 36. Kg1 Be3 {[%emt 0:00:25] Weighted Error Value: White=0.48/Black=0.17 (very precise)} 0-1

[Event "Saint Louis Norm Congress-GM 2022"]
[Site "Saint Louis"]
[Date "2022.05.22"]
[Round "7.2"]
[White "Kavutskiy, Konstantin"]
[Black "Park, Evan"]
[Result "1-0"]
[ECO "D38"]
[WhiteElo "2407"]
[BlackElo "2431"]
[Annotator "TA"]
[PlyCount "109"]
[EventDate "2022.05.20"]
[EventType "tourn"]
[EventCountry "USA"]
[SourceTitle "playchess.com"]
[Source "ChessBase"]
[SourceQuality "1"]
[TimeControl "5400+30"]

1. d4 Nf6 2. c4 e6 3. Nf3 d5 4. Nc3 Bb4 5. Qa4+ Nc6 6. a3 Bxc3+ 7. bxc3 O-O {[%emt 0:02:46] D38: Queen's Gambit Declined: Ragozin Defence (4 Nf3 Bb4).} 8. Bg5 h6 9. Bh4 g5 {[%emt 0:03:39] The position is equal.} 10. Bg3 Ne4 11. Qc2 h5 {[%emt 0:15:28] [#]} 12. h3 $146 ({Predecessor:} 12. h4 Nxg3 13. fxg3 g4 14. Ng5 f5 15. e3 Na5 16. cxd5 exd5 17. Bd3 c5 18. O-O {1-0 (32) Laurent Paoli,P (2447)-Visakh,N (2515) Vandoeuvre 2021}) 12... f5 13. e3 h4 14. Bh2 g4 $2 (14... b6 $16) 15. hxg4 $1 $18 fxg4 16. Bf4 $1 gxf3 (16... h3 {was called for.} 17. Nd2 e5) 17. gxf3 e5 18. cxd5 exf4 19. dxc6 Re8 (19... Qe7 $142 20. Qxe4 Qxe4 21. fxe4 fxe3 22. fxe3 Kf7 23. Bc4+ Ke7 24. Rxh4 bxc6 25. Rh7+ Kd8) 20. fxe4 {[%emt 0:01:55] And now Rg1+ would win.} Qg5 {[%emt 0:00:23] Prevents Rg1.} 21. Bc4+ Kh8 22. O-O-O {[%emt 0:00:59] Hoping for Rdg1.} fxe3 23. Rdg1 Qf4 24. fxe3 Qxe3+ 25. Kb2 (25. Qd2 $142 Qxd2+ 26. Kxd2 Rxe4 27. Bd5) 25... h3 26. cxb7 Rb8 27. Ka2 Rxb7 28. Ba6 (28. Qg2 c6 29. Rh2 (29. Ba6 Rh7 $17) 29... Qh6 $18) 28... Be6+ (28... Rf8 $142 29. Rg2 (29. Bxb7 Rf2 $14) 29... Rb8 30. Bxc8 Rbxc8 31. Rxh3+ Qxh3) 29. d5 Rb6 30. dxe6 Rxa6 31. Qb2 $2 (31. Qg2 Rxa3+ 32. Kxa3 Qxc3+ 33. Ka2 Qa5+ 34. Kb1 Rb8+ 35. Qb2+ (35. Kc2 {leads to mate.} Qa2+ 36. Kc3 Qa3+ 37. Kd4 Qd6+ 38. Kc3 Qc5+ 39. Kd2 Rb2+ 40. Kd3 Rb3+ 41. Kd2 Qa5+ 42. Kd1 Qa1+ 43. Ke2 Qa2+ 44. Kf1 Rb1#) 35... Rxb2+ 36. Kxb2 Qe5+ 37. Kc1 Qxe6 $15) (31. Qc1 Rxa3+ 32. Qxa3 Rb8 33. Ka1 Qd3 34. Qa5 c5 35. Rg4 Rg8 36. e7 $1) 31... Kh7 32. c4 (32. Qg2 Rxa3+ 33. Kxa3 Qxc3+ 34. Ka2 Qa5+ 35. Kb1 Rb8+ 36. Qb2 Rxb2+ 37. Kxb2 Qb6+ 38. Kc1 Qxe6 $17) 32... Re7 {[%emt 0:00:59] Inhibits Qg7+.} (32... Rg8 33. e7 (33. Rxg8 Kxg8 34. e7 Re6 $14) 33... Re6) 33. Rc1 $2 (33. Rg4 $18) 33... Rb6 $14 (33... Raxe6 $2 34. Rc3 Qg5 35. Rcxh3+ Kg6 36. Qh8 $18) 34. Qc3 {[%emt 0:03:23] Really sharp!} Qxc3 35. Rxc3 Rexe6 (35... Kg8 $14) 36. Rcxh3+ {[%emt 0:00:59][%mdl 4096] Endgame KRR-KRR} Kg6 37. Rh6+ (37. c5 $16 Rbc6 38. Rh7) 37... Kg5 38. Rxe6 Rxe6 {[%emt 0:00:11] KR-KR} 39. Rh7 Kf4 $1 40. Rxc7 Kxe4 41. Kb3 Kd4 $1 42. Kb4 {[%emt 0:04:11] Black must now prevent Rd7+.} Rb6+ 43. Ka5 Rb1 44. a4 {[%emt 0:00:48][%cal Ba3a4,Ba4a5,Ba5a6,Ba6a7][%mdl 32] Threatening mate with Ka6.} Rc1 $2 (44... Ra1 $11) 45. Kb5 Rb1+ {[%emt 0:02:25] [#]} 46. Ka6 $1 Ra1 {[%emt 0:00:10] [#]} 47. a5 $1 Ke5 48. c5 {[%emt 0:00:47] White mates.} Kd5 49. Kxa7 Rb1 50. a6 Rb2 51. Ka8 Rb1 52. a7 Rb3 53. Rc8 Rb2 54. Rb8 Rh2 55. Kb7 {[%emt 0:00:32] Weighted Error Value: White=0.39/Black=0.84} 1-0

[Event "Saint Louis Norm Congress-GM 2022"]
[Site "Saint Louis"]
[Date "2022.05.22"]
[Round "7.3"]
[White "Schitco, Ivan"]
[Black "Repka, Christopher"]
[Result "1/2-1/2"]
[ECO "A23"]
[WhiteElo "2484"]
[BlackElo "2524"]
[Annotator "TA"]
[PlyCount "34"]
[EventDate "2022.05.20"]
[EventType "tourn"]
[EventCountry "USA"]
[SourceTitle "playchess.com"]
[Source "ChessBase"]
[SourceQuality "1"]
[TimeControl "5400+30"]

1. c4 e5 2. g3 Nf6 3. Bg2 Bc5 4. Nc3 c6 5. e3 Bb6 6. d4 {[%emt 0:03:16] A23: English Opening: 1...e5 2 Nc3 Nf6 3 g3 c6.} exd4 7. exd4 d5 8. cxd5 Nxd5 9. Nxd5 cxd5 10. Ne2 Bg4 11. h3 {[%emt 0:01:44] [#]} Bh5 $5 $146 {[%emt 0:00:04][%mdl 8] An interesting novelty.} (11... Bf5 $11 {is superior.}) ({Predecessor:} 11... Be6 12. Nf4 O-O 13. O-O Nc6 14. Be3 Rc8 15. Nxe6 fxe6 16. Qg4 Qf6 17. Rad1 Ne7 18. Bg5 Qf7 19. Bxe7 Qxe7 20. Rfe1 Rf5 21. Qxf5 {1-0 (21) Kurcsics,E (1929)-Nemeth,N (1727) Balatonlelle 2016}) 12. O-O O-O 13. Qd3 (13. g4 $14 Bg6 14. Nc3) 13... Bg6 {[%emt 0:03:17] The position is equal.} 14. Qb3 Be4 15. Nc3 Bxg2 16. Kxg2 Nc6 17. Be3 Ne7 {[%emt 0:01:27] Weighted Error Value: White=0.08 (flawless) /Black=0.08 (flawless)} 1/2-1/2

[Event "Saint Louis Norm Congress-GM 2022"]
[Site "Saint Louis"]
[Date "2022.05.22"]
[Round "7.4"]
[White "Daggupati, Balaji"]
[Black "Brodsky, David"]
[Result "1-0"]
[ECO "B93"]
[WhiteElo "2486"]
[BlackElo "2484"]
[Annotator "TA"]
[PlyCount "55"]
[EventDate "2022.05.20"]
[EventType "tourn"]
[EventCountry "USA"]
[SourceTitle "playchess.com"]
[Source "ChessBase"]
[SourceQuality "1"]
[TimeControl "5400+30"]

1. e4 c5 2. Nf3 d6 3. d4 cxd4 4. Nxd4 Nf6 5. Nc3 a6 6. f4 e5 7. Nb3 Nc6 {[%emt 0:03:01] B93: Sicilian Najdorf: 6 f4.} 8. Bd3 Be7 9. O-O O-O {[%emt 0:00:03] The position is equal.} 10. Nd5 {[%emt 0:00:06] [#]} h6 $146 ({Predecessor:} 10... Nxd5 11. exd5 Nb4 12. Be2 Bf5 13. fxe5 Bxc2 14. Qd4 dxe5 15. Qxe5 Nxa2 16. Nd4 Nxc1 17. Raxc1 {0-1 (36) Salhi,N (1960)-Djaballah,F (2040) Algiers 2013}) 11. f5 b5 12. Qf3 Bb7 13. Bd2 Re8 14. Qg3 {[%emt 0:15:01] And now Bxh6 would win.} Kh8 15. Qh3 {[%emt 0:02:50][%cal Od2h6] Threatens to win with Bxh6! 0x0.0019223ab0b2dp-1022s more active pieces.} ({Don't play} 15. Nxe7 Nxe7 16. Rfe1 Rc8 $11) 15... Kg8 $2 {[%emt 0:11:51][%mdl 8192] [#] Loses the game.} (15... Kh7 $16 {might work better.}) 16. Bxh6 $1 $18 gxh6 (16... Nh7 17. Qg4) 17. Qxh6 {[%emt 0:01:33] Hoping for Rf3.} Nxd5 $2 {[%emt 0:13:55] [#]} (17... Ng4 18. Qh5 Bf6 19. Qxg4+ Kf8) 18. Rf3 $1 Bg5 19. Rg3 f6 {[%emt 0:02:21] aiming for ...Nf4.} 20. exd5 Ra7 21. h4 {[%emt 0:03:14][%cal Bh2h4,Bh4g5,Bg5f6][%mdl 96] Pin} Ba8 22. hxg5 Rh7 23. gxf6+ Kh8 {[%emt 0:00:05] [#]} 24. Qxh7+ $3 Kxh7 25. Kf2 {[%emt 0:00:25][%cal Ra1h1] White mates.} Qb6+ 26. Ke2 Nd4+ 27. Nxd4 exd4+ 28. Kf2 {[%emt 0:00:05] Weighted Error Value: White=0.05 (flawless) /Black=0.66} 1-0

[Event "Saint Louis Norm Congress-GM 2022"]
[Site "Saint Louis"]
[Date "2022.05.22"]
[Round "7.5"]
[White "Ruiz Castillo, Joshua Daniel"]
[Black "Belous, Vladimir"]
[Result "0-1"]
[ECO "C42"]
[WhiteElo "2473"]
[BlackElo "2525"]
[Annotator "TA"]
[PlyCount "50"]
[EventDate "2022.05.20"]
[EventType "tourn"]
[EventCountry "USA"]
[SourceTitle "playchess.com"]
[Source "ChessBase"]
[SourceQuality "1"]
[TimeControl "5400+30"]

1. e4 e5 2. Nf3 Nf6 3. Nxe5 d6 4. Nf3 Nxe4 5. Nc3 Nxc3 6. dxc3 Be7 7. Be3 Nd7 8. Qd2 {[%emt 0:01:32] C42: Petroff Defence: 3 Nxe5 and unusual White 3rd moves.} O-O 9. O-O-O Nf6 10. Kb1 {[%emt 0:00:55] White has an edge.} Re8 11. h3 {[%emt 0:01:23] [#]} Ne4 $146 ({Predecessor:} 11... Bd7 12. Bd3 c5 13. c4 Bc6 14. Rhe1 Ne4 15. Bxe4 Bxe4 16. Bf4 Bf8 17. Ng5 Bc6 {0-1 (58) Hansen,E (2606)-Paravyan,D (2617) Chess.com INT 2022}) 12. Qe1 (12. Qd5 {feels hotter.} Bf6 13. Bc4 Re7 14. Qh5) 12... Bf6 13. g4 (13. Bd3 $11) 13... c5 $1 $15 14. g5 Nxg5 15. Nxg5 Bxg5 16. Bb5 Re5 17. Bxg5 Qxg5 18. Qf1 {Strongly threatening f4.} Qf6 {[%emt 0:06:08] Black is more active.} 19. Qg2 g6 20. f4 (20. Rhe1 $17) 20... Qxf4 $19 21. Rxd6 Kg7 (21... Rg5 $19 22. Rd8+ Kg7) 22. Rdd1 $17 Bf5 23. Qxb7 $2 {[%emt 0:00:28] [#]} (23. Rhf1 $17 Qe4 24. Qxe4 Bxe4 25. Rd7) 23... Be4 $1 $19 24. Bc6 {[%emt 0:00:21] Qxa8 is the strong threat.} Bxh1 25. Qxa8 {[%emt 0:00:07] [#]} (25. Rxh1 Rd8 26. a3) 25... Qd2 $3 {[%emt 0:00:07][%mdl 512] Weighted Error Value: White=0.56/Black=0.04 (flawless)} 0-1

[Event "Saint Louis Norm Congress-GM 2022"]
[Site "Saint Louis"]
[Date "2022.05.23"]
[Round "8.1"]
[White "Stearman, Josiah"]
[Black "Belous, Vladimir"]
[Result "0-1"]
[ECO "B60"]
[WhiteElo "2375"]
[BlackElo "2525"]
[Annotator "TA"]
[PlyCount "102"]
[EventDate "2022.05.20"]
[EventType "tourn"]
[EventCountry "USA"]
[SourceTitle "playchess.com"]
[Source "ChessBase"]
[SourceQuality "1"]
[TimeControl "5400+30"]

1. e4 c5 2. Nf3 Nc6 3. d4 cxd4 4. Nxd4 Nf6 5. Nc3 d6 6. Bg5 Bd7 7. f4 Rc8 {[%emt 0:03:27] B60: Sicilian: Richter-Rauzer: Unusual Black 6th moves and 6...Bd7 without 7 Qd2.} (7... e6 $11 {deserves consideration.}) 8. Be2 ({Better is} 8. Qd2 $14) 8... a6 (8... Qb6 $5 9. Nb3 Qe3 $11) 9. Nxc6 Bxc6 {[%emt 0:01:16] White is slightly better.} 10. Qd4 e6 {[%emt 0:01:21] [#]} 11. O-O-O $146 ({Predecessor:} 11. O-O Be7 12. Kh1 O-O 13. Rad1 Qa5 14. Qe3 h6 15. Bh4 Ng4 16. Bxg4 Bxh4 17. f5 exf5 18. Rxf5 {0-1 (41) Grozav,V (2198)-Berescu,A (2489) Eforie Nord 2008}) 11... Be7 12. Bf3 O-O 13. g4 Qa5 14. f5 {[%emt 0:03:56] [#]} Nxe4 $1 15. Bxe7 Nxc3 {[%emt 0:00:20][%mdl 64] Discovered Attack} 16. Bxf8 Rxf8 {[%emt 0:00:17] Really sharp!} 17. bxc3 Bxf3 18. Rhf1 (18. fxe6 $15 fxe6 19. Rhf1) 18... Bxd1 19. fxe6 {[%emt 0:00:28] [#]} Bxc2 $1 20. exf7+ Rxf7 21. Qc4 Qc7 22. Qxc7 Rxc7 23. Kxc2 $17 {[%emt 0:00:04][%mdl 4096] Endgame KR-KR} Rf7 24. Rd1 Rf6 25. a4 Rh6 26. h3 Kf8 27. a5 Rxh3 28. Rxd6 Rg3 29. Rd4 Ke7 30. Rb4 Kd6 (30... Kd8 $17) 31. Kb3 (31. Rxb7 $11 Rxg4 32. Rb6+ Kc7 33. Rxa6) 31... Kc5 32. Re4 h6 (32... Rg1 $17 {...h6 is the strong threat.} 33. Kc2 Kb5 34. Re5+ Kc6) 33. Rf4 {[%emt 0:01:51] Loses the game.} (33. Rb4 $15) 33... Rg1 $19 34. Rf5+ Kc6 35. Rf4 Rb1+ 36. Ka4 $2 (36. Kc2 Rb5 37. Rc4+ Rc5 38. Ra4) 36... Kd5 37. Rd4+ Ke5 38. Rd7 g5 {[%emt 0:01:39][%cal Bg7g5,Bg5g4,Bg4g3,Bg3g2][%mdl 32] Strongly threatening ...Kf4.} 39. c4 (39. Rd4 $142) 39... Kf4 40. Rd6 (40. Rd4+ $142 Kf3 41. Ka3) 40... Kxg4 {[%emt 0:00:19] White must now prevent ...h5.} 41. Rxh6 Kf5 42. c5 g4 {[%emt 0:00:26] ( -> ...g3)} 43. c6 bxc6 {[%emt 0:01:27] Black mates.} 44. Rxc6 g3 45. Rc5+ Kf4 46. Rc4+ Kf3 47. Rc3+ Kf2 48. Rc2+ Kf1 49. Rc6 g2 50. Rf6+ Ke2 51. Re6+ Kd3 {[%emt 0:00:05] Weighted Error Value: White=0.63/Black=0.09 (flawless)} 0-1

[Event "Saint Louis Norm Congress-GM 2022"]
[Site "Saint Louis"]
[Date "2022.05.23"]
[Round "8.2"]
[White "Brodsky, David"]
[Black "Ruiz Castillo, Joshua Daniel"]
[Result "1-0"]
[ECO "B45"]
[WhiteElo "2484"]
[BlackElo "2473"]
[Annotator "TA"]
[PlyCount "51"]
[EventDate "2022.05.20"]
[EventType "tourn"]
[EventCountry "USA"]
[SourceTitle "playchess.com"]
[Source "ChessBase"]
[SourceQuality "1"]
[TimeControl "5400+30"]

1. e4 c5 2. Nf3 Nc6 3. d4 cxd4 4. Nxd4 e6 5. Nc3 Nf6 6. Nxc6 bxc6 7. e5 Nd5 8. Ne4 Qc7 9. f4 Qb6 10. c4 Bb4+ 11. Ke2 f5 12. Nf2 Ba6 13. Kf3 Ne7 14. Be3 Bc5 15. Bxc5 {[%emt 0:00:15] B45: Sicilian Four Knights.} Qxc5 16. Qa4 Bb7 17. h4 {[%emt 0:01:13] The position is equal.} Qb6 18. Qa3 c5+ 19. Kg3 {[%emt 0:00:19] [#]} h6 $146 ({Predecessor:} 19... O-O 20. Rd1 Rfd8 21. Be2 Rab8 22. Rd2 Nc6 23. Rd6 Qb4 24. Qxb4 Nxb4 25. a3 Nc2 {1-0 (37) Esipenko,A (2716)-Abasov,N (2656) Krasnaya Polyana 2021}) 20. Rd1 a5 (20... O-O-O $5 ) 21. Be2 Qc7 ({Less strong is} 21... Qc6 22. Bh5+ (22. Bf3 Qc7 $16) 22... g6 23. Bf3 $16) 22. Rd2 {[%emt 0:06:04] White is more active.} (22. Rd6 $16) 22... Kf7 (22... Qc6 $2 23. Bf3 Qc8 24. Bxb7 Qxb7 25. Rhd1 $18 (25. Qxc5 Rc8 $16)) (22... O-O-O $1 $11) 23. Rhd1 $16 Rhd8 (23... Qc6 $2 24. Bf3 Qc8 25. Rxd7 Bxf3 26. Qxf3 $18) 24. Nd3 Rac8 25. h5 Kg8 $2 {[%emt 0:07:17] [#]} (25... Qc6 $2 26. Bf3 Qc7 27. Bxb7 Qxb7 28. Nxc5 $18) (25... Be4 $14) 26. Nxc5 $1 {[%emt 0:02:42][%mdl 512] Weighted Error Value: White=0.10 (very precise) /Black=0.49} 1-0